 Dungeon Crawl Stone Soup version 0.25-a0-425-g0e000e855e (console) character file.

Game seed: 4285220327260159911, levelgen mode: deterministic

129 Asser the Grave Robber (level 4, -2/36 HPs)
             Began as a Deep Dwarf Necromancer on Jan 23, 2020.
             Killed from afar by Sigmund (3 damage)
             ... with a puff of flame
             ... on level 2 of the Dungeon on Jan 24, 2020.
             The game lasted 00:16:20 (1293 turns).

Asser the Grave Robber (Deep Dwarf Necromancer)     Turns: 1293, Time: 00:16:20

Health: -2/36      AC: 10    Str: 12    XL:     4   Next: 88%
Magic:  1/7        EV:  9    Int: 16    God:
Gold:   88         SH:  0    Dex: 13    Spells: 7/8 levels left

rFire    . . .     SeeInvis .   e - +0 whip
rCold    . . .     Gourm    .   (no shield)
rNeg     . . .     Faith    .   r - +0 scale mail
rPois    .         Spirit   .   m - +0 helmet
rElec    .         Reflect  .   (no cloak)
rCorr    .         Harm     .   (no gloves)
MR       .....                  i - +2 pair of boots
Stlth    +.........             (no amulet)
HPRegen  0.00/turn              (no ring)
MPRegen  0.10/turn              (no ring)

@: non-regenerating
A: damage resistance, heal wounds, sense surroundings 1, no regeneration
a: Heal Wounds


You were on level 2 of the Dungeon.
You were not hungry.

You visited 1 branch of the dungeon, and saw 2 of its levels.

You collected 88 gold pieces.

Inventory:

Hand Weapons
 d - a +0 club
 e - a +0 whip (weapon)
 q - a +0 flail
Armour
 i - a +2 pair of boots (worn)
 m - a +0 helmet (worn)
 r - a +0 scale mail (worn)
Scrolls
 f - 3 scrolls of fear {unknown}
 k - a scroll of remove curse
 n - a scroll of identify {unknown}
 o - a scroll of teleportation {unknown}
 p - a scroll of amnesia {unknown}
Potions
 a - a potion of brilliance {unknown}
 b - a potion of curing {unknown}
 g - a potion of heal wounds {unknown}
 h - a potion of magic {unknown}
 l - a potion of resistance {unknown}
Comestibles
 c - 3 rations


   Skills:
 + Level 1.2 Maces & Flails
 + Level 0.1 Throwing
 + Level 0.1 Armour
 + Level 2.6 Dodging
 + Level 2.6 Stealth
 + Level 0.4 Unarmed Combat
 + Level 2.8 Spellcasting
 + Level 5.4 Necromancy


You had 7 spell levels left.
You knew the following spells:

 Your Spells              Type           Power        Failure   Level  Hunger
a - Pain                  Necr           ###.         12%         1    #......

Your spell library contained the following spells:

 Spells                   Type           Power        Failure   Level  Hunger
 Animate Skeleton         Necr           N/A          12%         1    #......
 Vampiric Draining        Necr           ###.......   34%         3    ###....
 Animate Dead             Necr           N/A          75%         4    #####..
 Agony                    Necr           ###.....     97%         5    ######.


Dungeon Overview and Level Annotations

Branches:
Dungeon (2/15)

Altars:

Annotations:
D:2 Sigmund


Innate Abilities, Weirdness & Mutations

You are resistant to damage.
You can heal yourself by infusing magical energy.
You passively map a small area around you.
You do not regenerate.


Message History

Sigmund writhes in agony.
Casting: Pain (safe; 12% risk of failure)
Confirm with . or Enter, or press ? or * to list all spells.
Aiming: Pain (safe; 12% risk of failure)
Press: ? - help, Shift-Dir - straight line, f/p - Sigmund
Aim: Sigmund, wielding a +0 scythe and wearing a +0 robe (lightly wounded, chance to defeat MR: 84%) Sigmund writhes in agony.
Sigmund hits you but does no damage.
Casting: Pain (safe; 12% risk of failure)
Confirm with . or Enter, or press ? or * to list all spells.
Aiming: Pain (safe; 12% risk of failure)
Press: ? - help, Shift-Dir - straight line, f/p - Sigmund
Aim: Sigmund, wielding a +0 scythe and wearing a +0 robe (moderately wounded, chance to defeat MR: 84%) Sigmund barely resists.
Sigmund gestures at you while chanting. The magic dart hits you.
* * * LOW HITPOINT WARNING * * *
Sigmund laughs darkly.
Sigmund casts a spell at you. The puff of flame hits you.
You die...

......#.#
#........# *
..... ..#
#........#
....,,#.#
#........#
.... *
####.###.#
#### #.# .# *
#.# * #.# *
,,, #.# * #.#
* , #.# * *
** #@# , ,
.....@......#
,
#######.#####
#.# #.# #.# ,
#.# * * ,
#.., , * *


You could see Sigmund.

Vanquished Creatures
  Terence (D:2)
  4 gnolls (D:2)
  An adder (D:2)
  An ooze (D:1)
  A worm (D:2)
  A dart slug (D:1)
  A leopard gecko (D:2)
  6 bats
  3 giant cockroaches
  2 goblins
  5 hobgoblins
  7 jackals
  A ball python (D:2)
  2 frilled lizards
  6 kobolds
  4 rats
46 creatures vanquished.

Notes
Turn   | Place    | Note
-------+----------+-------------------------------------------
     0 | D:1      | Asser the Deep Dwarf Necromancer began the quest for the
                  | Orb.
     0 | D:1      | Reached XP level 1. HP: 15/15 MP: 3/3
   214 | D:1      | Reached XP level 2. HP: 7/22 MP: 0/4
   505 | D:1      | Reached skill level 5 in Necromancy
   515 | D:1      | Reached XP level 3. HP: 4/28 MP: 0/6
   539 | D:1      | Upgraded the game from 0.25-a0-424-g80bd347ae0 to
                  | 0.25-a0-425-g0e000e855e
   838 | D:2      | Noticed Terence
   868 | D:2      | Killed Terence
   868 | D:2      | Reached XP level 4. HP: 28/36 MP: 1/6
  1115 | D:2      | Reached skill level 1 in Maces & Flails
  1196 | D:2      | Found a faded altar of an unknown god.
  1289 | D:2      | Noticed Sigmund
  1292 | D:2      | HP: 1/36 [Sigmund/magic dart (2)]
  1293 | D:2      | Killed from afar by Sigmund

Levels and vault maps discovered:
D:1:      dpeg_arrival_court, layout_loops_ring, fountainhead
D:2:      layout_basic, chequers_ecumenical_altar_simple_redux, serial_forest,
          infiniplex_forest_corner_1, infiniplex_forest_zigzag_1,
          infiniplex_forest_zigzag_2, infiniplex_forest_lined_ring,
          uniq_sigmund, uniq_terence, uniq_natasha

Skill      XL: |  1  2  3  4 |
---------------+-------------+-----
Spellcasting   | 2 |  2.8
Necromancy     | 5 |  5.4
Maces & Flails | 1 |  1.2
Throwing       | |  0.1
Armour         | |  0.1
Dodging        | |  2.6
Stealth        | |  2.6
Unarmed Combat | |  0.4

Action                   |  1- 3 |  4- 6 || total
-------------------------+-------+-------++-------
Melee: Unarmed           |    17 |       ||    17
       Whip              |    55 |    73 ||   128
Throw: Stone             |     4 |       ||     4
 Cast: Pain              |    39 |    28 ||    67
 Abil: Heal Wounds       |     1 |       ||     1
  Use: Scroll            |       |     1 ||     1
  Eat: Ration            |       |     1 ||     1
Armor: Robe              |    28 |       ||    28
       Scale mail        |       |    37 ||    37
Dodge: Dodged            |    96 |    36 ||   132

Table legend:
 A = Non-vault XP
 B = Vault XP
 C = Vault XP percentage of total XP
 D = Non-vault monster count
 E = Vault monster count
 F = Vault count percentage of total count
                 A         B        C        D         E       F
            +---------+---------+-------+---------+---------+-------
      Total |     149 |      36 |  19.5 |      45 |       1 |   2.2
            +---------+---------+-------+---------+---------+-------
        D:1 |      46 |       0 |   0.0 |      21 |       0 |   0.0
        D:2 |     103 |      36 |  25.9 |      24 |       1 |   4.0
            +---------+---------+-------+---------+---------+-------
